Map: Acid Plant LE

Players

Optimus - Winner!

  • Race: Terran Terran
  • Spawn Location: 11:00

RiSky

  • Race: Zerg Zerg
  • Spawn Location: 5:00

Event: WCS Leipzig 2018

VOD

Have the link to the VOD?

Description

Time

  • Played on: Jan. 26, 2018, 9:50 a.m.
  • Length: 13:16

All games in this series

Show
View Real Time Build Order
Export as new Build Order

Optimus Terran - Winner!

Build Orders: Gas First Reaper Expand, Reaper Expand, Hellion Banshee, MMM Bio 

Get SALT Encoding   

  12  0:00  SCV  
  13  0:12  SCV  
  14  0:17  Supply Depot  
  14  0:24  SCV  
  15  0:29  Refinery  
  15  0:38  SCV  
  16  0:44  Barracks  
  16  0:50  SCV  
  17  1:03  SCV  
  18  1:15  SCV  
  19  1:31  Orbital Command, Reaper  
  20  1:42  Command Center  
  20  1:52  Factory  
  20  1:57  SCV  
  21  2:06  Barracks Reactor  
  21  2:07  Supply Depot  
  21  2:10  SCV  
  22  2:17  Refinery  
  22  2:22  SCV  
  23  2:39  SCV  
  24  2:45  Starport  
  24  2:47  Hellion x2  
  28  2:51  SCV  
  28  2:52  Barracks Tech Lab  
  28  2:55  Orbital Command  
  29  3:03  SCV  
  30  3:09  Hellion x2  
  34  3:15  SCV  
  35  3:21  SCV  
  36  3:27  SCV  
  36  3:32  Viking  
  36  3:33  SCV, Cloaking Field  
  40  3:39  SCV  
  41  3:44  Supply Depot  
  41  3:47  Hellion x2  
  41  3:48  SCV  
  46  4:05  Banshee  
  46  4:06  SCV x2, Supply Depot  
  51  4:13  Barracks Tech Lab  
  51  4:18  SCV x2  
  53  4:26  Command Center  
  53  4:30  SCV x2  
  55  4:32  Supply Depot  
  55  4:33  Marine  
  55  4:34  Stimpack  
  54  4:42  SCV x2  
  56  4:48  Banshee  
  59  4:54  SCV  
  59  4:55  SCV, Engineering Bay x2  
  59  4:57  Marine  
  62  5:06  SCV  
  63  5:07  SCV  
  63  5:13  Factory Reactor, Barracks  
  64  5:16  Barracks  
  64  5:18  SCV  
  64  5:19  SCV  
  64  5:20  Refinery  
  66  5:21  Refinery  
  66  5:27  Terran Infantry Weapons Level 1, Terran Infantry Armor Level 1  
  66  5:28  Marine  
  67  5:30  SCV  
  67  5:32  SCV  
  69  5:38  Orbital Command  
  69  5:40  Starport Reactor  
  69  5:48  Barracks  
  69  5:49  Barracks  
  69  5:51  Marine  
  69  5:53  SCV  
  71  5:58  SCV  
  71  6:00  Siege Tank  
  71  6:02  Marine x2  
  77  6:08  Marine  
  77  6:09  Supply Depot  
  77  6:10  Orbital Command  
  78  6:12  SCV x2  
  78  6:14  Marine  
  78  6:15  Marine  
  78  6:17  Medivac  
  84  6:20  Marine  
  85  6:29  Medivac  
  85  6:30  SCV  
  85  6:31  SCV, Marine x2  
  85  6:32  Marine x2  
  86  6:35  Siege Tank, Barracks Reactor  
  86  6:36  Barracks Reactor  
  86  6:37  Combat Shields, Marine  
  86  6:40  Armory  
  86  6:42  SCV x2  
  88  6:47  SCV  
  88  6:48  Marine  
  88  6:49  Marine  
  88  6:50  Marine x2  
  88  6:53  Supply Depot  
  93  6:57  Refinery  
  93  7:14  Marine x2  
  93  7:15  SCV x2, Medivac x2  
  101  7:22  Supply Depot  
  101  7:31  SCV, Marine  
  101  7:37  Terran Infantry Armor Level 2  
  101  7:39  Terran Infantry Weapons Level 2  
  101  7:43  Marine x7  
  101  7:44  SCV  
  109  7:46  Supply Depot  
  109  7:47  Supply Depot  
  109  7:53  Command Center  
  109  7:54  Supply Depot  
  109  8:07  Supply Depot, Medivac, Marine x6  
  109  8:08  Supply Depot, Medivac, Marine  
  109  8:09  SCV x2, Siege Tank  
  125  8:15  SCV, Marine x2  
  120  8:25  Marine x6  
  120  8:26  Marine  
  124  8:33  Marine x2  
  126  8:41  Siege Tank  
  128  8:43  Marine x6, Barracks  
  128  8:44  Barracks, Marine  
  135  8:50  Marine x2  
  139  8:55  Liberator x2  
  139  8:58  Refinery  
  139  9:01  Marine x6  
  139  9:02  Marine  
  146  9:06  Unknown  
  146  9:08  Marine  
  144  9:13  Siege Tank  
  146  9:29  Ghost Academy  
  146  9:38  Supply Depot, Barracks Tech Lab x2  
  145  9:39  Marine  
  145  9:40  Marine x5  
  145  9:41  Planetary Fortress  
  145  9:42  SCV x2  
  145  9:43  Barracks Tech Lab  
  145  9:44  Marine  
  152  9:48  SCV  
  147  9:54  SCV x2  
  144  10:01  SCV  
  144  10:04  Terran Infantry Weapons Level 3, Terran Infantry Armor Level 3  
  143  10:08  SCV x2  
  147  10:14  Siege Tank  
  147  10:15  Ghost x3  
  147  10:18  Marine x7  
  160  10:23  Supply Depot  
  160  10:25  Supply Depot x2  
  154  10:31  SCV  
  150  10:36  SCV x2, Marine x7  
  150  10:37  SCV  
  155  10:43  SCV  
  155  10:44  Bunker  
  156  10:50  Ghost x2  
  156  10:53  SCV x3  
  156  10:54  Ghost  
  156  10:55  SCV, Ghost  
  156  10:57  Concussive Shells  
  168  10:58  Moebius Reactor  
  168  11:08  SCV x2  
  168  11:11  Marine x3  
  170  11:13  SCV  
  174  11:22  SCV x2  
  174  11:23  SCV, Marine  
  174  11:24  Marine x2  
  174  11:25  Ghost x2  
  180  11:31  Supply Depot  
  180  11:32  Supply Depot  
  184  11:40  Ghost x2  
  188  11:54  Marauder x2  
  163  12:08  Ghost  
  163  12:09  Marauder, Siege Tank  
  163  12:10  Liberator  
  163  12:15  Ghost x2  
  159  12:30  Ghost  
  159  12:33  Marine x6  
  159  12:36  Refinery x2  
  167  12:38  Command Center  
  167  12:42  Marauder  
  169  12:44  Marauder  
Show
View Real Time Build Order
Export as new Build Order

RiSky Zerg 

Build Orders: Hatch First 

Get SALT Encoding   

  12  0:00  Drone  
  13  0:12  Overlord  
  13  0:16  Drone  
  14  0:30  Drone x2  
  14  0:33  Drone  
  17  0:51  Hatchery  
  17  0:54  Drone  
  17  0:57  Drone  
  18  1:08  Extractor  
  17  1:13  Spawning Pool  
  17  1:16  Drone  
  17  1:19  Drone  
  18  1:27  Drone  
  19  1:37  Overlord  
  19  1:50  Drone  
  20  2:00  Queen  
  20  2:01  Zergling x2  
  23  2:03  Zergling x2, Queen  
  23  2:07  Metabolic Boost  
  26  2:11  Drone  
  26  2:14  Drone  
  28  2:21  Drone  
  29  2:24  Drone  
  30  2:32  Overlord  
  30  2:37  Drone  
  30  2:41  Queen  
  33  2:44  Drone, Queen  
  36  2:51  Drone  
  36  2:55  Drone  
  36  2:56  Drone  
  39  3:05  Drone  
  40  3:09  Drone  
  40  3:12  Drone x2, Overlord  
  43  3:13  Drone  
  44  3:30  Queen x2  
  44  3:32  Drone x3  
  50  3:38  Drone  
  50  3:39  Overlord  
  50  3:41  Hatchery  
  50  3:42  Drone  
  51  3:49  Overlord  
  51  3:57  Overlord  
  51  4:00  Zergling x6  
  51  4:01  Zergling x6  
  57  4:04  Drone x2  
  57  4:06  Lair  
  57  4:09  Extractor  
  58  4:14  Drone  
  58  4:15  Overlord  
  59  4:24  Drone  
  59  4:25  Drone  
  59  4:31  Extractor  
  60  4:35  Drone  
  59  4:40  Drone x2, Overlord  
  59  4:43  Drone  
  62  4:47  Drone, Spore Crawler  
  62  4:48  Spore Crawler  
  62  4:51  Drone  
  62  4:55  Drone  
  62  4:56  Queen  
  62  4:57  Evolution Chamber  
  62  4:58  Drone, Spore Crawler  
  62  4:59  Zergling x2  
  64  5:00  Zergling x2  
  64  5:02  Zergling x2  
  64  5:03  Zergling x2, Overseer  
  64  5:05  Zergling x2  
  67  5:12  Drone  
  68  5:14  Drone x2  
  68  5:16  Overlord  
  68  5:18  Drone x2  
  72  5:21  Drone  
  72  5:22  Zerg Ground Armor Level 1  
  72  5:24  Drone  
  74  5:31  Drone  
  74  5:32  Drone, Evolution Chamber  
  74  5:34  Queen  
  77  5:36  Overlord  
  77  5:37  Drone  
  77  5:40  Extractor  
  77  5:42  Baneling Nest, Infestation Pit  
  76  5:43  Drone  
  76  5:48  Drone, Overlord  
  77  5:51  Drone x2  
  77  5:52  Drone  
  77  5:56  Drone  
  80  5:58  Drone  
  80  5:59  Zerg Melee Weapons Level 1  
  80  6:01  Drone  
  80  6:02  Extractor  
  81  6:04  Extractor  
  81  6:05  Drone x2  
  81  6:10  Drone x6  
  88  6:12  Drone  
  89  6:21  Drone, Hive  
  89  6:22  Zergling x2  
  89  6:23  Zergling x2  
  91  6:30  Zergling x2  
  88  6:37  Drone  
  88  6:39  Drone x2  
  90  6:41  Drone, Centrifical Hooks  
  90  6:42  Zergling x8  
  90  6:43  Hatchery  
  94  6:48  Zergling x8, Hydralisk Den  
  94  6:53  Zergling x2  
  98  6:58  Zergling x6  
  101  7:01  Zergling x2  
  101  7:02  Zergling x2  
  101  7:04  Zergling x2  
  101  7:08  Overlord  
  104  7:10  Drone, Zergling x2  
  104  7:11  Zergling x2  
  104  7:12  Baneling x9, Hatchery  
  104  7:13  Baneling  
  104  7:15  Zergling x2  
  107  7:22  Zergling x8  
  110  7:26  Overlord  
  110  7:28  Drone  
  109  7:32  Drone x2  
  109  7:35  Zerg Ground Armor Level 2  
  109  7:36  Zergling x8, Ultralisk Cavern  
  112  7:43  Zergling x2  
  113  7:44  Overseer, Overlord x2  
  113  7:47  Overlord  
  113  7:52  Overlord  
  113  7:56  Zergling x14  
  113  7:57  Zergling x2  
  121  8:01  Baneling  
  121  8:02  Baneling x7  
  121  8:14  Zergling x18  
  121  8:18  Zergling x4  
  107  8:28  Chitinous Plating  
  107  8:30  Ultralisk x2  
  112  8:37  Ultralisk  
  112  8:39  Zergling x4  
  110  8:43  Zergling x6  
  113  8:48  Zergling x2  
  113  8:49  Zergling x8  
  114  8:56  Zergling x10  
  119  9:09  Zergling x12  
  123  9:13  Zergling x6  
  123  9:16  Hatchery  
  122  9:20  Ultralisk  
  128  9:24  Overlord  
  128  9:29  Zerg Melee Weapons Level 2  
  128  9:32  Overlord  
  128  9:33  Overlord  
  128  9:39  Overlord  
  127  9:48  Queen  
  127  9:51  Ultralisk x2  
  134  10:02  Ultralisk  
  132  10:08  Ultralisk  
  135  10:17  Muscular Augments  
  132  10:23  Hydralisk x2  
  132  10:27  Hydralisk  
  132  10:28  Hydralisk x2  
  136  10:33  Hydralisk x2  
  136  10:35  Overlord  
  142  10:38  Overlord x2  
  139  10:43  Hydralisk  
  139  10:50  Overlord  
  139  10:52  Hydralisk  
  139  10:53  Hydralisk  
  143  10:57  Hydralisk x3  
  143  11:02  Viper x2  
  155  11:05  Pneumatized Carapace  
  155  11:07  Overseer  
  155  11:09  Hydralisk  
  155  11:10  Hydralisk  
  159  11:13  Hydralisk  
  159  11:18  Hydralisk x2  
  165  11:27  Hydralisk  
  165  11:28  Hydralisk x2  
  165  11:32  Hydralisk  
  173  11:46  Overlord x4  
  173  11:50  Overlord  
  173  11:56  Overlord x2  
  173  12:07  Hatchery  
  169  12:09  Drone x3  
  184  12:15  Ultralisk x2  
  182  12:27  Zergling x26  
  183  12:30  Overseer  
  183  12:38  Zergling x2  
  183  12:39  Zergling x16  
  191  12:48  Zergling x6  
  191  12:53  Zergling x16  
Tags
 
Add a new tag
Caveats
  • Supply blocks, unpowered buildings, or Contaminate may cause inaccurate times.
  • Supply counts are checked every 10 seconds.